 Dungeon Crawl Stone Soup version 0.31-a0-229-g1fc7ce93e2 (webtiles) character file.

Game seed: 8280647865775532620

302 qw the Shooter (level 6, -6/51 HPs)
             Began as a Minotaur Hexslinger on July 6, 2023.
             Mangled by Edmund
             ... wielding a +3 flail of holy wrath
              (14 damage)
             ... on level 5 of the Dungeon.
             The game lasted 00:01:05 (3601 turns).

qw the Shooter (Minotaur Hexslinger)                Turns: 3601, Time: 00:01:06

Health: -6/51      AC:  5    Str: 13    XL:     6   Next: 14%
Magic:  6/6        EV: 11    Int: 10    God:
Gold:   179        SH:  0    Dex: 14    Spells: 6/7 levels left

rFire   . . .        Y - +1 sling
rCold   . . .        (no shield)
rNeg    . . .        g - +0 ring mail
rPois   .            (helmet restricted)
rElec   .            (no cloak)
rCorr   .            (no gloves)
SInv    .            (no boots)
Will    .....        (no amulet)
Stlth   +            (no ring)
HPRegen 0.28/turn    (no ring)
MPRegen 0.10/turn

%: no passive effects
@: about to teleport
A: horns 2, retaliatory headbutt
a: no special abilities


You were on level 5 of the Dungeon.
You visited 1 branch of the dungeon, and saw 5 of its levels.

You collected 179 gold pieces.


Innate Abilities, Weirdness & Mutations

You have a pair of horns on your head.
You reflexively headbutt those who attack you in melee.


   Skills:
 + Level 3.0 Fighting
 - Level 6.5 Ranged Weapons
 - Level 1.0 Armour
 - Level 2.1 Dodging
 - Level 1.0 Spellcasting
 - Level 2.0 Hexes


You had 6 spell levels left.
You knew the following spells:

 Your Spells              Type           Power      Damage    Failure   Level
a - Slow                  Hex            16%        N/A       32%         1

Your spell library contained the following spells:

 Spells                   Type           Power      Damage    Failure   Level
 Inner Flame              Hex/Fire       2%         N/A       82%         3
 Portal Projectile        Hex/Tloc       4%         N/A       82%         3
 Cause Fear               Hex            2%         N/A       97%         4

Inventory:

Hand Weapons
 Y - a +1 sling (weapon)
Armour
 g - a +0 ring mail (worn)
Scrolls
 a - 2 scrolls of identify
 e - a scroll of revelation {unknown}
 h - 2 scrolls of enchant armour
Potions
 b - 2 potions of heal wounds
 d - a potion of enlightenment
 i - 4 potions of curing

Dungeon Overview and Level Annotations

Branches:
Dungeon (5/15)
 Temple: D:4-7

Altars:
Hepliaklqana

Annotations:
D:4 1 runed translucent door, qw's ghost, novice GrHs
D:5 Edmund


Message History

Enter note: You shoot a sling bullet.
The sling bullet hits Edmund but does no damage.
You shoot a sling bullet. The sling bullet hits Edmund.
Edmund is lightly wounded.
You shoot a sling bullet. The sling bullet hits Edmund.
Edmund is lightly wounded.
You shoot a sling bullet. The sling bullet barely misses Edmund.
You shoot a sling bullet.
The sling bullet hits Edmund but does no damage.
Edmund is lightly wounded.
You shoot a sling bullet. The sling bullet hits Edmund!
Edmund is moderately wounded.
Edmund hits you with a +3 flail of holy wrath.
Edmund barely misses you.
You shoot a sling bullet. The sling bullet hits Edmund.
Edmund is moderately wounded.
Edmund closely misses you.
You shoot a sling bullet. The sling bullet hits Edmund.
Edmund is moderately wounded.
Edmund grinds his teeth, and then sighs.
Edmund closely misses you. You furiously retaliate!
You headbutt Edmund! You shoot a sling bullet.
The sling bullet barely misses Edmund.
Edmund hits you with a +3 flail of holy wrath!
You shoot a sling bullet. The sling bullet closely misses Edmund.
Edmund barely misses you.
You shoot a sling bullet. The sling bullet hits Edmund.
Edmund is severely wounded.
Edmund hits you with a +3 flail of holy wrath! x2
You shoot a sling bullet. The sling bullet hits Edmund.
Edmund is severely wounded.
Edmund hits you with a +3 flail of holy wrath!
You shoot a sling bullet. The sling bullet hits Edmund.
Edmund is severely wounded.
Edmund hits you with a +3 flail of holy wrath!
3601 ||| READING scroll of teleportation.
As you read the scroll of teleportation, it crumbles to dust.
You feel strangely unstable.
Edmund hits you with a +3 flail of holy wrath!
You die...

#.# #.# #.# #.# #.#
######.#########
#..............#
#.#########.##.####
#########.......^
......@@.....###.
.#############


You could see Edmund.

Vanquished Creatures
  An ice beast (D:5)
  A hound (D:5)
  An orc priest (D:4)
  2 iguanas
  3 adders
  A shadow imp (D:5)
  A worm (D:2)
  9 orcs
  8 ball pythons
  5 bats
  7 endoplasms
  2 giant cockroaches
  2 goblins
  3 hobgoblins
  3 quokkas
  2 frilled lizards (D:2)
  3 kobolds
  3 rats
57 creatures vanquished.

Notes
Turn   | Place    | Note
-------+----------+-------------------------------------------
     0 | D:1      | qw the Minotaur Hexslinger began the quest for the Orb.
     0 | D:1      | Reached XP level 1. HP: 16/16 MP: 1/1
     0 | D:1      | 0 ||| qw: Version: 0.3-a-46-gb1f654a
     0 | D:1      | 0 ||| qw: Game counter: 1439
     0 | D:1      | 0 ||| qw: Melee chars always use a shield: true
     0 | D:1      | 0 ||| qw: God list: Okawaru
     0 | D:1      | 0 ||| qw: Allow faded altars: false
     0 | D:1      | 0 ||| qw: Do Orc after clearing Dungeon:15 true
     0 | D:1      | 0 ||| qw: Do second Lair branch before Depths: true
     0 | D:1      | 0 ||| qw: Lair rune preference: random
     0 | D:1      | 0 ||| qw: Goals: Normal
     0 | D:1      | 0 ||| PLANNING D:1-11
   546 | D:1      | Reached skill level 3 in Ranged Weapons
   546 | D:1      | Reached XP level 2. HP: 19/23 MP: 2/2
   636 | D:1      | 636 ||| UPGRADING to +0 leather armour.
   646 | D:1      | 646 ||| DROPPING +0 robe.
   647 | D:1      | 647 ||| UPGRADING to +0 ring mail.
   657 | D:1      | 657 ||| DROPPING +0 leather armour.
   658 | D:1      | 658 ||| READING scroll labelled POKHOE UPOWN.
   659 | D:1      | 659 ||| READING 2 scrolls labelled PIANNO YHOE.
   660 | D:1      | 660 ||| READING scroll labelled YBUGITZAEV.
   661 | D:1      | 661 ||| READING scroll labelled HEMNYU PUYPP.
   666 | D:1      | 666 ||| READING scroll labelled BAXASORIAPP.
   667 | D:1      | 667 ||| DROPPING scroll of poison.
   941 | D:2      | Reached XP level 3. HP: 29/29 MP: 3/3
  1595 | D:2      | 1595 ||| READING 2 scrolls labelled RAARA KAGUE.
  1596 | D:2      | 1596 ||| DRINKING 2 puce potions.
  1639 | D:3      | Reached skill level 4 in Ranged Weapons
  1756 | D:3      | Reached skill level 1 in Armour
  1924 | D:3      | Reached XP level 4. HP: 36/36 MP: 4/4
  2058 | D:3      | Found a hazy altar of Hepliaklqana.
  2361 | D:3      | 2361 ||| READING scroll labelled UWNIEMMUEB.
  2425 | D:3      | 2425 ||| READING scroll labelled BEHAURPH RESUOR.
  2526 | D:3      | 2526 ||| DRINKING 2 sedimented coppery potions.
  2527 | D:3      | 2527 ||| READING 2 scrolls of identify.
  2527 | D:3      | 2527 ||| IDENTIFYING blue potion
  2528 | D:3      | 2528 ||| DROPPING potion of invisibility.
  2874 | D:4      | Reached skill level 5 in Ranged Weapons
  2945 | D:4      | Reached skill level 3 in Fighting
  2945 | D:4      | Reached XP level 5. HP: 18/45 MP: 5/5
  3073 | D:4      | Found a runed translucent door.
  3075 | D:4      | Noticed qw's ghost (novice GrHs)
  3255 | D:4      | 3255 ||| READING 4 scrolls of identify.
  3255 | D:4      | 3255 ||| IDENTIFYING purple potion
  3256 | D:4      | 3256 ||| READING 3 scrolls of identify.
  3256 | D:4      | 3256 ||| IDENTIFYING viscous puce potion
  3257 | D:4      | 3257 ||| DROPPING potion of brilliance.
  3269 | D:5      | Entered Level 5 of the Dungeon
  3270 | D:5      | 3270 ||| PLANNING OSSUARY
  3436 | D:5      | Noticed an ice beast
  3453 | D:5      | Killed an ice beast
  3454 | D:5      | Reached skill level 6 in Ranged Weapons
  3454 | D:5      | Reached XP level 6. HP: 28/51 MP: 6/6
  3537 | D:5      | Identified the +0 short sword of Corpus Delicti {freeze,
                  | Will+}
  3587 | D:5      | Noticed Edmund
  3600 | D:5      | HP: 7/51 [Edmund/+3 flail of holy wrath (9)]
  3601 | D:5      | 3601 ||| READING scroll of teleportation.
  3601 | D:5      | Mangled by Edmund

Levels and vault maps discovered:
D:1:      lemuel_arrival_funnel, layout_basic, minmay_misc_feat_roman,
          serial_park_tiny_1
D:2:      layout_loops_corners, grunt_decor_resistance,
          minmay_misc_feat_secret_circle, minmay_pentomino_z2
D:3:      layout_loops_ring, nicolae_hepliaklqana_hazy_memory,
          minmay_randomly_rotated_circles
D:4:      layout_gridville, ebering_ghost_reflecting_pool, minivault_26,
          nicolae_elevator_lobby_plus
D:5:      layout_loops_ring, marbit_many_paths,
          minmay_temple_entry_drinking_statues, enter_ossuary_3, uniq_edmund,
          uniq_pikel, uniq_eustachio

Skill      XL: |  1  2  3  4  5 |
---------------+----------------+-----
Ranged Weapons | 3 4 5 6 |  6.5
Fighting       | 2 3 |  3.0
Armour         | 1 |  1.0
Dodging        | |  2.1
Spellcasting   | |  1.0
Hexes          | |  2.0

Action                     |  1- 3 |  4- 6 || total
---------------------------+-------+-------++-------
   Fire: Sling             |   126 |   116 ||   242
    Use: Scroll            |     6 |     6 ||    12
         Potion            |     1 |     1 ||     2
 Armour: Robe              |     8 |       ||     8
         Ring mail         |    13 |    14 ||    27
  Dodge: Dodged            |    56 |    33 ||    89

Table legend:
 A = Non-vault XP
 B = Vault XP
 C = Vault XP percentage of total XP
 D = Non-vault monster count
 E = Vault monster count
 F = Vault count percentage of total count
                 A         B        C        D         E       F
            +---------+---------+-------+---------+---------+-------
      Total |     406 |      26 |   6.0 |      49 |       8 |  14.0
            +---------+---------+-------+---------+---------+-------
        D:1 |      14 |       0 |   0.0 |       8 |       0 |   0.0
        D:2 |      33 |      15 |  31.2 |      12 |       2 |  14.3
        D:3 |      35 |      11 |  23.9 |      13 |       6 |  31.6
        D:4 |     101 |       0 |   0.0 |      11 |       0 |   0.0
        D:5 |     223 |       0 |   0.0 |       5 |       0 |   0.0
            +---------+---------+-------+---------+---------+-------
